 Dungeon Crawl Stone Soup version 0.14-a0-586-g2535b90 (webtiles) character file.

510 MackTheKnife the Insei (level 6, -1/55 HPs)
             Began as a Naga Monk on Nov 3, 2013.
             Was an Elder of Cheibriados.
             Slain by a giant frog (7 damage)
             ... in a sewer.
             The game lasted 00:06:15 (3813 turns).

MackTheKnife the Insei (Naga Monk)                  Turns: 3813, Time: 00:06:15

HP  -1/55        AC  4     Str 24      XL: 6   Next: 69%
MP   5/5         EV 11     Int 20      God: Cheibriados [****..]
Gold 142         SH  0     Dex 25      Spells:  0 memorised,  5 levels left

Res.Fire  : . . .   See Invis. : +     - Unarmed
Res.Cold  : . . .   Warding    : .   a - +0 robe
Life Prot.: . . .   Conserve   : .   (no shield)
Res.Poison: +       Res.Corr.  : .   (no helmet)
Res.Elec. : .       Clarity    : .   o - +0 cloak
Sust.Abil.: . .     Spirit.Shd : .   (no gloves)
Res.Mut.  : .       Stasis     : .   (no barding)
Res.Rott. : .       Flight     : .   j - amulet of rage
Saprovore : . . .                    (no ring)
                                     (no ring)

@: very slow, somewhat resistant to hostile enchantments, quite stealthy
A: spit poison, see invisible, deformed body, poison resistance, slowness 2, AC
+2
a: Spit Poison, Bend Time, Temporal Distortion, Slouch, Renounce Religion, Evoke
Berserk Rage


You were in a sewer.
You worshipped Cheibriados.
Cheibriados was greatly pleased with you.
You were not hungry.

You visited 1 branch of the dungeon, and saw 3 of its levels.
You also visited: Sewer.

You collected 142 gold pieces.


Innate Abilities, Weirdness & Mutations

You cannot wear boots.
You can spit poison.
Your serpentine skin is tough (AC +2).
You have supernaturally acute eyesight.
Armour fits poorly on your strangely shaped body.
Your system is resistant to poisons.
You cover ground very slowly.


   Skills:
 - Level 3.0 Fighting
 - Level 2.4 Dodging
 - Level 3.0 Stealth
 + Level 7.8 Unarmed Combat


You had 5 spell levels left.
You didn't know any spells.

Inventory:

Armour
 a - a +0 robe (worn)
 o - a +0 cloak (worn)
Comestibles
 b - a bread ration
 f - 2 apples
 i - 2 chokos
 k - a rotting chunk of ball python flesh {@*1}
Scrolls
 c - a scroll of magic mapping
 d - 2 scrolls of identify
 e - a scroll of teleportation {unknown}
 g - a scroll of enchant weapon II
 l - a scroll of enchant armour {unknown}
 m - a scroll of remove curse
 n - a scroll of curse armour {unknown}
 p - a scroll of recharging {unknown}
 r - a scroll of enchant weapon I {unknown}
 t - a scroll of fear {unknown}
Jewellery
 j - an amulet of rage (around neck)
Potions
 h - a potion of heal wounds
 v - a potion of slowing {unknown}
Books
 s - a book of the Sky

   Spells                             Type                      Level
   Flight                             Charms/Air                   3
   Airstrike                          Air                          4
   Silence                            Hexes/Air                    5
   Deflect Missiles                   Charms/Air                   6
   Conjure Ball Lightning             Conjuration/Air              6
   Tornado                            Air                          9

▒≈≈≈▒▒▒▒▒▒▒▒▒····≈▒
▒▒▒▒≈≈≈≈≈≈%≈≈≈≈▒▒▒▒≈≈∩▒
▒▒≈≈▒≈≈≈%≈▒▒▒▒▒≈≈≈≈▒▒▒▒▒
▒▒▒▒·%≈▒▒▒▒▒▒▒≈∩≈▒≈≈≈≈?≈≈▒▒
▒▒≈≈≈≈≈≈≈▒··≈≈·≈≈≈▒▒▒▒≈·≈≈·▒
▒▒≈≈·≈▒%·▒▒≈%·≈≈≈·≈≈≈≈▒▒▒≈··≈
▒·≈≈≈▒▒%≈▒·≈▒▒▒▒▒▒▒·%≈·≈▒▒≈·≈
▒▒·≈≈▒▒≈≈▒▒≈·▒≈≈≈≈≈▒▒▒≈·≈≈▒▒≈≈
▒≈≈≈≈▒··≈▒·≈·Nl≈·≈≈≈≈▒▒≈·≈≈▒≈≈
▒▒·≈≈▒▒≈··▒≈≈FFS≈≈≈≈≈≈≈▒▒≈·≈▒▒≈
▒·≈≈≈▒≈≈≈≈▒·≈≈S£≈≈·≈·≈≈≈▒·≈≈≈▒·
▒∩·≈≈▒≈≈··▒≈≈·£?··≈≈≈≈· ▒≈%≈≈▒≈
▒·≈≈≈▒≈≈≈≈▒≈≈···£?·≈≈≈≈ ▒≈≈%≈▒·
▒▒≈≈≈▒▒≈·≈▒▒≈·≈··≈·≈≈≈≈▒▒≈≈≈▒▒≈
▒≈≈≈≈▒·≈≈·▒▒≈≈≈≈≈≈≈≈≈▒▒≈≈·≈▒≈≈
▒▒≈≈·▒▒≈≈≈≈▒▒▒≈≈≈≈≈▒▒▒≈≈≈≈▒▒·≈
▒≈·≈%▒▒≈≈≈··▒▒▒▒▒▒▒·≈≈≈≈▒▒·≈≈


You could see 2 giant frogs, 2 ball pythons and a giant newt.


Message History

The giant frog hits you. The ball python closely misses you.
You hit the giant frog.
The giant frog is lightly wounded.
The ball python misses you. The giant frog hits you.
The ball python bites you but does no damage.
You closely miss the giant frog.
The giant frog is lightly wounded.
The ball python misses you. The giant frog hits you.
* * * LOW HITPOINT WARNING * * *
The ball python closely misses you.
Unknown command.
You enter the shallow water.
Moving in this stuff is going to be slow.
The giant frog hits you.
* * * LOW HITPOINT WARNING * * *
The giant frog hits you.
* * * LOW HITPOINT WARNING * * *
The ball python barely misses you. The giant frog hits you.
* * * LOW HITPOINT WARNING * * *
The giant frog barely misses you. The ball python bites you.
* * * LOW HITPOINT WARNING * * *
The giant frog hits you.
* * * LOW HITPOINT WARNING * * *
The giant frog hits you.
* * * LOW HITPOINT WARNING * * *
The ball python bites you but does no damage.
The giant newt bites you.
* * * LOW HITPOINT WARNING * * *
The giant frog closely misses you. The giant frog hits you!
You die...

Action                   |  1- 3 |  4- 6 || total
-------------------------+-------+-------++-------
Melee: Unarmed           |   112 |   164 ||   276
 Abil: Spit Poison       |    10 |     8 ||    18
  Use: Scroll            |     1 |     3 ||     4
 Stab: Sleeping          |     5 |     9 ||    14

Vault maps used:
D:1:      ncdulo_smallfort
D:2:      minmay_misc_feat_doors
D:3:      cheibriados_altar_2, portal_sewer_entry_a, minivault_11,
          grunt_ministairs_15
Sewer:    sewer_frog_island_02

Notes
Turn   | Place    | Note
--------------------------------------------------------------
     0 | D:1      | MackTheKnife, the Naga Monk, began the quest for the Orb.
     0 | D:1      | Reached XP level 1. HP: 19/19 MP: 0/0
   396 | D:1      | Reached XP level 2. HP: 12/26 MP: 1/1
  1169 | D:2      | Reached skill level 5 in Unarmed Combat
  1169 | D:2      | Reached XP level 3. HP: 33/33 MP: 2/2
  2220 | D:3      | Noticed a giant slug
  2221 | D:3      | Found a snail-covered altar of Cheibriados.
  2222 | D:3      | Noticed a giant slug
  2223 | D:3      | Noticed a giant slug
  2231 | D:3      | Reached XP level 4. HP: 27/40 MP: 3/3
  2241 | D:3      | Became a worshipper of Cheibriados the Contemplative
  2241 | D:3      | Acquired Cheibriados' first power
  2363 | D:3      | Reached skill level 6 in Unarmed Combat
  2510 | D:3      | Reached XP level 5. HP: 32/46 MP: 4/4
  2741 | D:3      | Found a glowing drain.
  2787 | Sewer    | Entered a sewer
  2797 | Sewer    | Acquired Cheibriados' second power
  3224 | Sewer    | Reached skill level 7 in Unarmed Combat
  3224 | Sewer    | Reached XP level 6. HP: 19/55 MP: 5/5
  3510 | Sewer    | Acquired Cheibriados' third power
  3813 | Sewer    | Slain by a giant frog

Vanquished Creatures
  4 jellies (Sewer)
  An orc priest (D:3)
  6 adders
  7 giant mites (Sewer)
  2 oozes
  4 orcs (D:3)
  17 ball pythons
  12 giant cockroaches
  7 hobgoblins
  2 jackals (D:3)
  11 kobolds
  A quokka (D:2)
  4 bats
  9 giant geckos
  6 giant newts
  5 goblins
  9 rats
107 creatures vanquished.
